Cogmind - Beta 15 @@@ ROGUE MODE // 2025.10.20 @ 21:05:10 Player: mehbruh Result: Destroyed by V9-9NQ(R) with Subdweller Beam Cannon Performance ------------- Evolutions (0) 0 Regions Visited (2) 400 Robots Destroyed (27) 135 Value Destroyed (709) 709 Prototype IDs (11) 220 Alien Tech Used (0) 0 Bonus (-20) -20 TOTAL SCORE: 1444 Bonus ------- Friendly Fire -20 Cogmind --------- Core Integrity 0/250 Matter 230/300 Energy 200/200 System Corruption 0% Temperature Cool (9) Movement Rolling (125) Ox3 Location -10/Subcaves Parts ------- > --- POWER (1+1) ------ Subdweller Power Source > --- PROPULSION (2+1) - Wheel Subdweller Monowheel > --- UTILITY (2) ------ Large Storage Unit Rainbow Chip > --- WEAPON (2+1) ----- Subdweller Machine Gun Improved Light Cannon > --- INVENTORY (15) --- Makeshift Power Source Subdweller Monowheel Improved Light Cannon Rocket Launcher Peak State ------------ > --- POWER ------------ Subdweller Power Source > --- PROPULSION ------- Subdweller Monowheel Subdweller Monowheel > --- UTILITY ---------- Scrap Shield Rainbow Chip > --- WEAPON ----------- Improved Light Cannon Improved Light Cannon > --- INVENTORY -------- Makeshift Power Source Subdweller Monowheel Large Storage Unit Improved Light Cannon Rocket Launcher [Rating: 28] Favorites ----------- Power Light Ion Engine Engine Light Ion Engine Propulsion Light Treads Treads Light Treads Wheel Subdweller Monowheel Utility Light Armor Plating Device Seismic Detector Storage Large Storage Unit Processor Rainbow Chip Protection Light Armor Plating Weapon Improved Light Cannon Energy Gun Small Laser Ballistic Gun Subdweller Machine Gun Ballistic Cannon Improved Light Cannon Build | -11 -10 -10 ------- Run | Yrd Mat Sub Slots Evolved . | . . . Power . | . . . Propulsion . | . . . Utility . | . . . Weapon . | . . . Parts Attached 27 | 8 7 12 Power 5 | 1 1 3 Engine 5 | 1 1 3 Core . | . . . Reactor . | . . . Propulsion 5 | 2 . 3 Treads 2 | 2 . . Leg . | . . . Wheel 3 | . . 3 Hover . | . . . Flight . | . . . Utility 9 | 2 4 3 Device 2 | 1 1 . Storage 3 | 1 2 . Processor 2 | . . 2 Hackware . | . . . Protection 2 | . 1 1 Artifact . | . . . Weapon 8 | 3 2 3 Energy Gun 3 | 3 . . Energy Cannon . | . . . Ballistic Gun 1 | . . 1 Ballistic Cannon 4 | . 2 2 Launcher . | . . . Special Weapon . | . . . Impact Weapon . | . . . Slashing Weapon . | . . . Piercing Weapon . | . . . Special Melee Weapon . | . . . Unidentified Prototypes . | . . . Parts Lost 5 | . 1 4 Power . | . . . Propulsion 1 | . . 1 Utility 3 | . 1 2 Weapon 1 | . . 1 Highest Loss Streak 3 | . 1 3 To Critical Strikes . | . . . Average Backups 8 | 3 8 9 Power 1 | . 1 1 Propulsion 1 | 2 1 . Utility 3 | . 3 3 Weapon 2 | . 2 3 Tool/Special . | . . . Unused Backups 14 | . 4 10 Power 1 | . . 1 Propulsion 6 | . 4 2 Utility 4 | . . 4 Weapon 3 | . . 3 Tool/Special . | . . . Average Slot Usage (%) 92 | . 100 85 Engine 13 | . 14 12 Treads 20 | . 28 14 Wheel 5 | . . 10 Device 4 | . 8 . Storage 11 | . 14 8 Processor 2 | . . 4 Protection 7 | . 5 9 Energy Gun 5 | . 12 . Ballistic Cannon 19 | . 15 24 Peak Build Rating 28 | 7 10 28 Average Rating 13 | 4 8 17 On Entrance 5 | . 7 10 Naked Turns . | . . . Heaviest Build 36 | 11 36 36 Greatest Support 40 | 40 40 40 Greatest Overweight (x) 3 | 1 . 3 Average Overweight (x) . | . . . Largest Inventory Capacity 15 | 8 15 15 Average Capacity 10 | 7 9 11 Most Carried 15 | 6 11 15 Average Carried 8 | 4 8 9 Final Capacity 15 | 8 15 15 Final Carried 11 | 6 11 4 Class Distribution -------------------- 84% | Mutant 15% | Subdweller-Mutant Dominant Class ---------------- Mutant | -10/Materials Mutant | -10/Subcaves Resources | -11 -10 -10 ----------- Run | Yrd Mat Sub Matter Collected 1254 | 222 482 550 Remotely . | . . . Salvage Created 409 | 26 202 181 Parts 40 | 2 23 15 Haulers Intercepted 2 | . 2 . Recyclers Shooed 1 | 1 . . Parts Field Recycled . | . . . Retrieved Matter . | . . . Parts Self-Destructed 13 | . . 13 Prevented . | . . . Kills | -11 -10 -10 ------- Run | Yrd Mat Sub Combat Hostiles Destroyed 21 | . 8 13 Guns 5 | . 4 1 Cannons 16 | . 4 12 Classes Destroyed 8 | 1 5 2 Tunneler 1 | 1 . . Hauler 2 | . 2 . Operator 1 | . 1 . Watcher 2 | . 2 . Swarmer 7 | . 5 2 Grunt 3 | . 3 . Sentry 1 | . . 1 Subdweller 10 | . . 10 Best Kill Streak 3 | 1 3 2 Combat Bots Only 3 | . 3 2 Max Kills in Single Turn 2 | 1 1 2 Gunslinging . | . . . Exploded . | . . . Melee . | . . . Uniques/NPCs Destroyed . | . . . Combat | -11 -10 -10 -------- Run | Yrd Mat Sub Hostile Shots Fired 151 | . 55 96 Missed 53 | . 22 31 Hits 98 | . 33 65 Projectile 98 | . 33 65 Critical Strikes 4 | . 2 2 Damage Taken 1739 | . 303 1436 Core 267 | . 34 233 Absorbed by Shields . | . . . Core Remaining (%) 100 | 100 . . Volleys Fired 104 | 3 33 68 Largest 2 | 2 2 2 Hottest 80 | 80 80 66 Shots Fired 196 | 6 66 124 Gun 35 | 6 20 9 Cannon 161 | . 46 115 Launcher . | . . . Special . | . . . Kinetic 170 | . 46 124 Thermal 26 | 6 20 . Explosive . | . . . Electromagnetic . | . . . Robot Hit Streak 22 | 1 11 22 Robot Miss Streak 4 | 2 4 3 Penetration Max . | . . . Secondary Targets . | . . . Shots Hit Robots 120 | 2 36 82 Core Hits 36 | 1 14 21 Critical Kills . | . . . Critical Parts Destroyed . | . . . Critical Strikes 6 | . 1 5 Blast 6 | . 1 5 Melee Attacks . | . . . Impact . | . . . Slashing . | . . . Piercing . | . . . Sneak Attacks . | . . . Combat Hostiles . | . . . Follow-up Attacks . | . . . Damage Inflicted 2450 | 23 627 1800 Guns 303 | 23 189 91 Cannons 2134 | . 425 1709 Explosions . | . . . Melee . | . . . Ramming 13 | . 13 . Kinetic 2225 | . 425 1800 Thermal 212 | 23 189 . Explosive . | . . . Electromagnetic . | . . . Impact . | . . . Slashing . | . . . Piercing . | . . . Highest Corruption . | . . . Average Corruption . | . . . Corruption Purged . | . . . Corruption Blocked . | . . . Overload Shots . | . . . Overflow Damage 3 | . 1 2 Projectiles 3 | . 1 2 Explosions . | . . . Melee . | . . . Knockbacks 10 | . 1 9 Impact . | . . . Kinetic 10 | . 1 9 Secondary . | . . . Self-Inflicted Damage . | . . . Shots . | . . . Rammed 2 | . 2 . Targets Rammed 4 | . 4 . Kicked . | . . . Crushed 2 | . 2 . Highest Temperature 96 | 54 96 5 Average Temperature 25 | 29 25 3 Received Heat Transfer 447 | . 87 360 Siege Activations . | . . . Martial Activations . | . . . Shielding Activations . | . . . Robots Disrupted . | . . . Combat Hostiles . | . . . Robots Corrupted . | . . . Combat Hostiles . | . . . Parts Fried . | . . . Impact Corruptions . | . . . Robots Melted . | . . . Combat Hostiles . | . . . Parts Melted . | . . . Heat Transferred 450 | 50 400 . Parts Sabotaged . | . . . Parts Stolen . | . . . Parts Stripped . | . . . Power Chain Reactions . | . . . Alert | -11 -10 -10 ------- Run | Yrd Mat Sub Maximum Alert Level . | . . . Low Security (%) 100 | 100 100 . Level 1 . | . . . Level 2 . | . . . Level 3 . | . . . Level 4 . | . . . Level 5 . | . . . High Security . | . . . Max Security . | . . . Peak Influence 75 | 5 75 . Initial . | . . . Average 13 | 1 14 . Influence Increases 396 | 5 316 75 Destroy 0b10 Robot/C 220 | . 160 60 Destroy 0b10 Robot/NC 30 | 5 25 . Destroy Leader 48 | . 48 . Successful Hack 35 | . 35 . Disable Machine 30 | . 30 . Destroy Structure 3 | . 3 . Lose Combat Pursuer 30 | . 15 15 Influence Decreases 392 | 5 316 71 Time Decay 325 | 5 249 71 Lost Part 10 | . 10 . Purge Threat 57 | . 57 . Squads Dispatched 1 | . 1 . Investigation . | . . . Extermination . | . . . Reinforcement 1 | . 1 . Assault . | . . . Garrison . | . . . Intercept . | . . . Searches Triggered . | . . . Construction Impeded . | . . . Haulers Reinforced . | . . . Active Scanning Responses . | . . . Cargo Convoy Interrupts . | . . . Stealth | -11 -10 -10 --------- Run | Yrd Mat Sub Distress Signals 1 | . 1 . Communications Jammed . | . . . Distress Signals . | . . . Times Spotted 34 | . 18 16 Peak Tracking Total 7 | . 7 3 Tactical Retreats 2 | . 1 1 Traps | -11 -10 -10 ------- Run | Yrd Mat Sub Traps Triggered 5 | . 2 3 Indirectly . | . . . Trap Hack Attempts . | . . . Triggered . | . . . Disarmed . | . . . Reprogrammed . | . . . Reused . | . . . Traps Extracted . | . . . Installed . | . . . Triggered . | . . . Machines | -11 -10 -10 ---------- Run | Yrd Mat Sub Machines Disabled 3 | . 2 1 Max in Single Turn 1 | . 1 1 Machines Repaired . | . . . Machines Dismantled . | . . . Machines Sabotaged . | . . . Overloaded Fab Kills . | . . . Hacking | -11 -10 -10 --------- Run | Yrd Mat Sub Machines Accessed 9 | . 8 1 Terminals 8 | . 8 . Fabricators . | . . . Repair Stations . | . . . Recycling Units . | . . . Scanalyzers . | . . . Garrison Access . | . . . Total Hacks 36 | . 27 9 Successful 24 | . 15 9 Failed 11 | . 11 . Catastrophic 2 | . 2 . Database Lockouts 1 | . 1 . Manual 23 | . 23 . Terminals 27 | . 27 . Fabricators . | . . . Repair Stations . | . . . Recycling Units . | . . . Scanalyzers . | . . . Garrison Access . | . . . Terminal Hacks 17 | . 8 9 Record 8 | . . 8 Robot Analysis 2 | . 2 . Branch Access Points 1 | . 1 . Alert Level 1 | . 1 . Unreport Threat 1 | . 1 . Locate Traps 2 | . 2 . Zone Layout 1 | . 1 . Proto ID Catalog 1 | . . 1 Fabricator Hacks . | . . . Repair Station Hacks . | . . . Recycling Unit Hacks . | . . . Scanalyzer . | . . . Garrison Access Hacks . | . . . Unauthorized Hacks 7 | . 7 . Terminals 7 | . 7 . Botnet 2 | . 2 . Skim 5 | . 5 . Fabricators . | . . . Repair Stations . | . . . Recycling Units . | . . . Scanalyzers . | . . . Garrison Access . | . . . Data Cores Recovered 1 | . 1 . Used . | . . . Hacking Detections 7 | . 7 . Full Trace Events . | . . . Feedback Events . | . . . Feedback Blocked . | . . . Robot Schematics Acquired . | . . . Robots Built . | . . . Authchips . | . . . Time . | . . . Total Robot Build Rating . | . . . Part Schematics Acquired . | . . . Parts Built . | . . . Authchips . | . . . Time . | . . . Total Part Build Rating . | . . . Parts Repaired . | . . . Time . | . . . Parts Recycled . | . . . Recycled Matter . | . . . Retrieved Matter . | . . . Retrieved Components . | . . . Parts Scanalyzed . | . . . Part Schematics Acquired . | . . . Parts Damaged . | . . . Bothacking | -11 -10 -10 ------------ Run | Yrd Mat Sub Used RIF Installer . | . . . Robots Hacked . | . . . Non-combat . | . . . Combat . | . . . Robot Hacks Applied . | . . . Relay Couplers Released . | . . . Fabnet Peak Effective % . | . . . Robots Rewired . | . . . Allies Hacked . | . . . Hacks Repelled . | . . . Allies | -11 -10 -10 -------- Run | Yrd Mat Sub Total Allies . | . . . Largest Group . | . . . Highest-Rated Group . | . . . Highest-Rated Ally . | . . . Total Orders . | . . . Ally Attacks . | . . . Total Damage . | . . . Kills . | . . . Allies Corrupted . | . . . Allies Melted . | . . . Intel | -11 -10 -10 ------- Run | Yrd Mat Sub Active Infowar (turns) 688 | 10 678 . Seismic 688 | 10 678 . Robot Analysis Total 2 | . 2 . Derelict Logs Recovered 1 | . . 1 Drone Launches . | . . . Drone Recoveries . | . . . Exploration | -11 -10 -10 ------------- Run | Yrd Mat Sub Turns Passed 2647 | 82 1250 1315 Spaces Moved 1491 | 39 680 772 Core 9 | 9 . . Treads 1034 | 30 680 324 Legs . | . . . Wheels 448 | . . 448 Hover . | . . . Flight . | . . . Fastest Speed 50 | 50 160 110 Average Speed 147 | 141 160 136 Slowest Speed 240 | 160 160 240 Overloaded Moves . | . . . Propulsion Burnouts . | . . . Robots Hopped . | . . . Potential Cave-ins . | . . . Cave-ins Triggered . | . . . Exploration Rate (%) 51 | 4 94 57 Regions Visited 2 Branch Regions 1 Pre-discovered Areas 1 | . . 1 Known Exits Taken . | . . . Unknown Exits Taken 2 | 1 1 . Scrap Searched 6 | . . 6 Spaces Dug . | . . . Terrain Destroyed 2 | . 2 . Melee . | . . . Projectile 2 | . 2 . AOE . | . . . Terrain Rammed . | . . . Walls Destroyed . | . . . Machines Disabled . | . . . Actions | -11 -10 -10 --------- Run | Yrd Mat Sub Total 1733 | 56 773 904 Wait 49 | 1 26 22 Move 1489 | 38 679 772 Hop . | . . . Pick Up 26 | 6 10 10 Fast Attach 15 | 7 4 4 Attach 7 | . 1 6 Detach . | . . . Swap 12 | 1 7 4 Drop 26 | . 9 17 Fire 104 | 3 33 68 Melee . | . . . Ram . | . . . Kick . | . . . Crush 4 | . 4 . Escape Stasis . | . . . Rewire . | . . . Trap . | . . . Miscellaneous 1 | . . 1 Route ------- -11/Scrapyard -10/Materials (discovered 5 exits: [*Mat x3] / *Min / *Sub) -10/Subcaves (discovered 1 exit: [*Mat]) History --------- Turn | Location | Event 24 | -11/Scrapyard | Discovered new exit (range 15) 83 | -11/Scrapyard | Entered Materials 313 | -10/Materials | Build established: Mutant 325 | -10/Materials | Discovered new exit (range 13) 560 | -10/Materials | Discovered new exit (range 15) 745 | -10/Materials | Discovered new exit (range 16) 1114 | -10/Materials | Discovered new exit (range 17) 1114 | -10/Materials | Identified exit to Mines 1169 | -10/Materials | Central database locked down 1323 | -10/Materials | Discovered new exit (range 7) 1333 | -10/Materials | Entered Subcaves 1334 | -10/Subcaves | Approached by a straggling Scientist 1467 | -10/Subcaves | Shifting Twisted Machinery released Mak. Power Source 1470 | -10/Subcaves | A swath of the cavern ceiling suddenly collapsed 1793 | -10/Subcaves | A swath of the cavern ceiling suddenly collapsed 1943 | -10/Subcaves | Core integrity fell below 50% 1985 | -10/Subcaves | Lost 3 parts (1n1u1w) 2168 | -10/Subcaves | Visited 4L-MR0's lab 2183 | -10/Subcaves | Found Rainbow Chip 2184 | -10/Subcaves | Attached Rainbow Chip, gained temporary slots: Power, Propulsion, Utility, Weapon 2301 | -10/Subcaves | Build established: Subdweller-Mutant 2594 | -10/Subcaves | Discovered new exit (range 16) 2630 | -10/Subcaves | Core integrity fell below 20% 2648 | -10/Subcaves | Destroyed by V9-9NQ(R) with Subdweller Beam Cannon Last Messages --------------- 02419_ Scrap Shield destroyed. 02421_ Temporary Utility slot lost. 02421_ Destroyed Scrap Shield. 02421_ KB-AUA(R) destroyed. 02428_ Acquired 2 matter. 02430_ Acquired 9 matter. 02432_ Acquired 17 matter. 02553_ Y-45 Defender destroyed. 02561_ Beam Rifle fries itself beyond repair. 02563_ Heat Sink fries itself beyond repair. 02569_ Imp. Ion Engine fries itself beyond repair. 02570_ Acquired 2 matter. 02571_ Acquired 40 matter. 02572_ Acquired 4 matter. 02594_ EXIT=FOUND 02601_ Acquired 14 matter. 02616_ Dropped Sub. Monowheel. 02617_ Acquired Wheel. 02645_ 6V-CR5(R) destroyed. Map ----- +----------------------------------------------------+ | ##?????????# ##????????????????? | | ### ##?# ###????### ##???????????????? | | #??###??# #????# ###?????????????? | | ###?????### #????# ?????????????? | | ##?###?# ###### ?????????????? | | ### ### # ????????????? | | #?????????????? | | #??????????????? | | #??????????????? | | ## # #?????????????? | | ### ##### ## # #### #????????????? | | ## ##???# ### #??#????????????????????? | | # ########## #### #??##???????????????????? | | ### #???#####?# #?# #???????????????????? | | #?# #### ##???## #? ##??????????????????? | | #?# ## ##???# ## #??????????????????? | | ### ### ### ##??## ##?????????????????? | | ### ## #?# #???## #?????????????????? | | ## ### ###### #?????????????????? | | # ## ### ##?????????????????? | | # #### #??????????????????? | | # ### ### #???????????? | | # ## """ #???????????? | | # #### """ ### #???????????? | | # ##??## """ #??# ## ????????? | | # ##???##" @ #???##??? ##?????????? | | ## #????# " ##?????????#??????????? | | ### ####?# ##""" ##???????????????????? | | ### ## ""?#### ##??????????????????? | | ### "" """"?????# #??????????????????? | | ### """"""" ?????# * ##??????????????????? | | ##### """"" ?????# ##???????????????????? | | ###?# "####""##?????## #???????????????????? | | ### "##?????????????#= ##???????????????????? | | ## #??????????????# #????????????????????? | | ## ## ##????????????## ##???????????????????? | | ## #### ##???????????# #???????????????????? | | ?# ##??## #???????????# ##???????????????????? | | ?###????# #????????? R #????????????????????? | | ????????## #??????? % #???????????????????? | | ?????????## #????? < ??????????????????? | | ???????????# #??? # ????????????????? | | ????????????##??## #### #### #???????????????? | | ?????????????????##????##????#####???????????????? | | ?????????????????????????????????????????????????? | | ?????????????????????????????????????????????????? | | ?????????????????????????????????????????????????? | | ?????????????????????????????????????????????????? | | ?????????????????????????????????????????????????? | | ?????????????????????????????????????????????????? | +----------------------------------------------------+ Best States ------------- Heat Dissipation 35 Energy Generation 15 Energy Capacity 250 Matter Stores 300 Matter Capacity 300 Sight Range 16 Terrain Scan Density 10 Armor Coverage 800 Evasion (%) 40 Targeting Accuracy 5 Recoil Reduction 2 Item Schematics ----------------- None Robot Schematics ------------------ None Fabricated ------------ Nothing Repaired ---------- Nothing Alien Tech Used ----------------- None Achievements -------------- None Challenges ------------ None Game ------ Seed CompactAssembledRigger Manual? 0 Play Time 00:24:59 Cumulative 87.5 hours Start 2025.10.20 @ 20:39:29 End 2025.10.20 @ 21:05:10 Sessions 1 Manual Loads 0 Difficulty Rogue Special Mode None Game No. 81 Rogue 81 Adventurer 0 Explorer 0 Win Type - Total 4 Types 4/0/0/0/0/0/0/0/0/0 Lore% 44 Gallery% 50 Achievement% 51 Wizard Run 0 Options --------- Layout 1 ASCII 0 Keyboard 0 Movement Arrows Keybinds 0 Fullscreen 1 Font 24/Smallcaps Map View 50x35 Zoom Use 0% Tactical HUD 1 Map Filters NONE Filters NONE Steam 1 RUN: 0a35ade7-6996-459d-83eb-9c36adc5fcc9